AoeStats
← Goku Feudal

Fortress

510300952Analyzed
1v1 RM · 20h ago on Sep 30, 2026· 53m 21s· 2 players
Game mode
Random Map
Map size
Small (3 player)
Population
200
Speed
Normal
Resources
Standard
Victory
Conquest
Starting age
Dark Age
Ending age
Imperial Age
RankedLock teamsTeams togetherTeam positionsShared explorationLock speedFull tech treeHidden civsTurbo modeCheats
Victory
Defeat
🇻🇪 Vietnamese · Venezuela
1095
+17
🇦🇷 Danes · Argentina
1120
-17
eseijo
6:21 Feudal Age
7:38 Wheelbarrow
6:52 Double-Bit Axe
6:49 Horse Collar
15:08 Castle Age
12:54 Loom
13:22 Gold Mining
13:53 Stone Mining
13:50 Town Watch
14:09 Fletching
14:22 Padded Archer Armor
16:44 Heavy Plow
16:57 Bow Saw
16:09 Crossbowman
17:58 Thumb Ring
18:19 Bodkin Arrow
20:32 Leather Archer Armor
21:45 Leather Archer Armor
21:47 Elite Skirmisher
26:24 Hand Cart
29:13 Ballistics
33:51 Imperial Age
35:50 Chemistry
36:30 Crop Rotation
37:08 Two-Man Saw
36:59 Bracer
38:00 Stone Shaft Mining
38:14 Imperial Skirmisher
39:30 Ring Archer Armor
42:29 Arbalester
Goku Feudal
2:40 Loom
7:45 Feudal Age
11:31 Castle Age
10:42 Double-Bit Axe
12:39 Wheelbarrow
19:52 Elite Skirmisher
23:11 Gambesons
23:26 Squires
23:12 Arson
24:01 Forging
23:51 Scale Mail Armor
23:42 Fletching
23:52 Padded Archer Armor
30:09 Imperial Age
29:52 Gold Mining
29:52 Stone Mining
31:10 Iron Casting
30:50 Chain Mail Armor
31:45 Horse Collar
34:28 Capped Ram
36:11 Conscription
37:01 Blast Furnace
36:17 Chain Mail Armor
40:00 Bow Saw
41:28 Chemistry
40:48 Ballistics
41:13 Onager
47:32 Northmen's Fury
48:43 Siege Onager
51:27 Gold Shaft Mining
Connection lost

Rejoining the realm…

Still unreachable

The connection could not be restored.

Session expired

The server has moved on; the page needs a fresh start.